 Dungeon Crawl Stone Soup version 0.31-a0-574-g69dc8cc98e (webtiles) character file.

Game seed: 9970773185943100916

383651 freelancePsychic the Warrior (level 24, -19/187 HPs)
             Began as a Djinni Shapeshifter on Aug 18, 2023.
             Was the Champion of Makhleb.
             Demolished by a spriggan defender
             ... wielding a +1 quick blade of electrocution
              (21 damage)
             ... on level 4 of the Depths.
             The game lasted 01:36:12 (43218 turns).

freelancePsychic the Warrior (Djinni Shapeshifter) Turns: 43218, Time: 01:36:12

Health: -19/187    AC: 24    Str: 23    XL:     24   Next: 2%
Gold:   289        EV: 22    Int: 21    God:    Makhleb [******] SH: 15 Dex: 15

rFire   + + +        e - +8 autumn katana {manifold assault}
rCold   + . .        S - +2 shield of Resistance {rF++ rC++ Will++}
rNeg    . . .        P - +3 troll leather armour
rPois   ∞            V - +4 helmet of Udoog {Drain rElec Regen+ Str+6}
rElec   +            I - +2 cloak {rCorr}
rCorr   +            U - +2 pair of gloves {Str+3}
SInv    .            (boots unavailable)
Will    +++++        l - amulet of regeneration
Stlth   +++          s - +5 ring of evasion
HPRegen 2.91/turn    J - ring of Huaseir {Will+ rCorr AC+4}
MPRegen 0.00/turn

%: infuse magic (-20 HP)
@: about to teleport, flying, studying 3 skills
A: sickness immunity, fire resistance 2, cold vulnerability 1, float, innate
caster, HP casting, extra vitality 1, MP-powered wands
}: 2/15 runes: serpentine, barnacled
a: Renounce Religion, Minor Destruction, Lesser Servant of Makhleb, Major
Destruction, Greater Servant of Makhleb


You were on level 4 of the Depths.
You worshipped Makhleb.
Makhleb was exalted by your worship.
You visited 8 branches of the dungeon, and saw 42 of its levels.
You visited 1 bazaar.
You also visited: Sewer, Ossuary, Gauntlet and Ice Cave.

You collected 5922 gold pieces.
You spent 5633 gold pieces at shops.

Inventory:

Hand Weapons
 e - the +8 autumn katana (weapon) {manifold assault}
   (You took it off a deep elf death mage on level 3 of the Elven Halls)
Missiles
 x - 11 throwing nets
Armour
 a - a +2 pair of gloves
 I - a +2 cloak of preservation (worn)
 P - a +3 troll leather armour (worn)
 S - the +2 shield of Resistance (worn) {rF++ rC++ Will++}
   (You bought it in a shop on level 9 of the Dungeon)

   rF++:      It greatly protects you from fire.
   rC++:      It greatly protects you from cold.
   Will++:    It greatly increases your willpower.
 U - a +2 pair of gloves of strength (worn)
 V - the +4 helmet of Udoog (worn) {Drain rElec Regen+ Str+6}
   (You found it in a Gauntlet)

   Str+6:     It affects your strength (+6).
   rElec:     It insulates you from electricity.
   Regen+:    It increases your rate of health regeneration.
   Drain:     It drains your maximum health when unequipped.
Magical Staves
 Y - a staff of earth
Jewellery
 f - a +6 ring of intelligence
 l - an amulet of regeneration (around neck)
 r - a +4 ring of slaying
 s - a +5 ring of evasion (left hand)
 u - the amulet "Zofric" {Faith Rampage rCorr Dex-2}
   (You took it off a deep elf death mage on level 3 of the Elven Halls)

   [amulet of faith]

   Faith:     It allows you to gain divine favour quickly.
   Dex-2:     It affects your dexterity (-2).
   rCorr:     It protects you from acid and corrosion.
   Rampage:   It bestows one free step when moving towards enemies.
 B - the ring of Quut {rF+ rC++ rN+}
   (You found it in an ice cave)

   [ring of positive energy]

   rF+:       It protects you from fire.
   rC++:      It greatly protects you from cold.
   rN+:       It protects you from negative energy.
 J - the ring of Huaseir (right hand) {Will+ rCorr AC+4}
   (You acquired it on level 10 of the Dungeon)

   [ring of protection]

   AC+4:      It affects your AC (+4).
   Will+:     It increases your willpower.
   rCorr:     It protects you from acid and corrosion.
 O - a +5 ring of evasion
 W - the ring of Taleuk {rCorr Int+3}
   (You took it off a minotaur in a Gauntlet)

   [ring of resist corrosion]

   Int+3:     It affects your intelligence (+3).
   rCorr:     It protects you from acid and corrosion.
Talismans
 c - a beast talisman
 d - a flux talisman
Wands
 h - a wand of digging (17)
 y - a wand of charming (59)
 F - a wand of roots (46)
 G - a wand of polymorph (14)
 K - a wand of flame (34)
 L - a wand of quicksilver (15)
 Q - a wand of mindburst (38)
Scrolls
 b - 10 scrolls of blinking
 g - 6 scrolls of teleportation {@r4}
 k - 10 scrolls of amnesia
 m - 13 scrolls of revelation
 o - 4 scrolls of silence
 t - 4 scrolls of fear
 z - 8 scrolls of fog
 A - 6 scrolls of vulnerability
 R - 3 scrolls of immolation
 T - 6 scrolls of poison
Potions
 i - 13 potions of heal wounds {@q2}
 j - 18 potions of curing {@q1}
 p - 5 potions of attraction
 q - 9 potions of lignification
 v - 6 potions of invisibility
 w - 4 potions of cancellation
 C - 3 potions of ambrosia
 D - 7 potions of haste {@q3}
 E - 4 potions of brilliance
 H - 5 potions of resistance
 M - 2 potions of mutation
 N - 8 potions of might
 X - 2 potions of berserk rage {unknown}
Miscellaneous
 n - a phantom mirror
 Z - a box of beasts


   Skills:
 - Level 20.0 Fighting
 - Level 10.0(11.2) Short Blades
 * Level 8.2(10.3) Long Blades
 - Level 12.1 Armour
 - Level 12.2 Dodging
 - Level 5.1 Stealth
 - Level 14.0 Shields
 - Level 3.0 Unarmed Combat
 + Level 19.6 Spellcasting
 + Level 19.6 Conjurations
 + Level 19.6 Hexes
 + Level 19.6 Summonings
 + Level 19.7 Necromancy
 + Level 19.6 Translocations
 + Level 19.6 Transmutations
 + Level 19.6 Fire Magic
 + Level 19.6 Ice Magic
 + Level 19.6 Air Magic
 + Level 19.6 Earth Magic
 + Level 19.6 Poison Magic
 - Level 6.0 Invocations
 - Level 2.6 Shapeshifting


You knew the following spells:

 Your Spells              Type           Power      Damage    Failure   Level
a - Summon Mana Viper     Hex/Summ       80%        N/A       1%          5
b - Summon Cactus Giant   Summ           40%        N/A       1%          6
c - Wereblood             Tmut           80%        N/A       0%          2
d - Infestation           Necr           40%        N/A       9%          8
e - Anguish               Hex/Necr       40%        N/A       0%          4
f - Kiss of Death         Conj/Necr      100%       2d13      0%          1
g - Lesser Beckoning      Tloc           100%       N/A       0%          2
h - Malign Gateway        Summ/Tloc      40%        N/A       1%          7
i - Conjure Ball Lightni  Conj/Air       40%        3x3d13    1%          6
j - Spellforged Servitor  Conj/Summ      40%        N/A       1%          7
k - Call Canine Familiar  Summ           80%        N/A       0%          3
Your spell library was empty.

Dungeon Overview and Level Annotations

Branches:
Dungeon (15/15)            Temple (0/1) D:6            Lair (5/5) D:8
 Shoals (4/4) Lair:2        Snake (4/4) Lair:2        Slime (0/5) Lair:4
    Orc (2/2) D:9             Elf (3/3) Orc:2        Vaults (5/5) D:13
  Crypt (0/3) Vaults:2     Depths (4/4) D:15          Sewer (visited)
Ossuary (visited)           IceCv (visited)         Gauntlet (visited)
    Zot: Depths:4

Altars:
Ashenzari
Makhleb
Nemelex Xobeh
Okawaru
Trog
Uskayaw
Yredelemnul
The Shining One
Jiyva
Lugonu

Shops:
D:5 *   D:9 ([   D:12 ?   Orc:2 ![:(*   Elf:3 !   Shoals:3 :   Snake:4 **
Vaults:2 ?   Vaults:3 [   Depths:1 [   Depths:4 =:=

Portals:
Hell: Depths:1 Depths:2 Depths:3 Depths:4
Abyss: Depths:1 Depths:3 Depths:4
Pandemonium: Depths:2
Ziggurat: Depths:3

Annotations:
D:9 1 exclusion
D:13 1 runed translucent door
Lair:1 2 transporters
Lair:4 1 runed translucent door
Elf:2 3 runed translucent doors


Innate Abilities, Weirdness & Mutations

You are immune to sickness and miasma.
You are immune to poison.
Your flesh is very heat resistant. (rF++)
You are vulnerable to cold. (rC-)
You float through the air rather than walking.
You learn spells naturally, not from books.
Your magical power is your life essence.
You have superior vitality. (+4 MHP)
You expend health (3 HP) to strengthen your wands.


Message History

The spriggan rider hits you from afar with a +0 spear.
Some rock shatters into small pieces.
A deep troll comes into view.
There is an open door here.
Casting: Malign Gateway (mildly dangerous; 1% risk of failure)
Confirm with . or Enter, or press ? or * to list all spells.
You block the spriggan defender's attack. x2
The spriggan defender hits you with a +1 quick blade of electrocution!!
The spriggan defender hits you but does no damage.
The spriggan defender hits you with a +1 quick blade of electrocution! x2
A deep troll earth mage comes into view.
Casting: Summon Cactus Giant (mildly dangerous; 1% risk of failure)
Confirm with . or Enter, or press ? or * to list all spells.
A mana viper appears with a sibilant hiss.
You block the spriggan defender's attack.
The spriggan defender misses you. The polar bear completely misses you.
The polar bear claws you but does no damage. x2
The spriggan defender hits you with a +1 quick blade of electrocution.
The spriggan defender hits you with a +1 quick blade of electrocution!!
* * * LOW HITPOINT WARNING * * *
You block the polar bear's attack. x2; The polar bear misses you.
The spriggan rider hits you from afar with a +0 spear!
* * * LOW HITPOINT WARNING * * *
Blink to where?
Press: ? - help, Dir - move target
As you read the scroll of blinking, it crumbles to dust.
You hear a grinding noise.
As you read the scroll of teleportation {@r4}, it crumbles to dust.
You feel strangely unstable.
The spriggan defender hits you with a +1 quick blade of electrocution!
* * * LOW HITPOINT WARNING * * *
You block the spriggan defender's attack.
You block the spriggan berserker's attack.
The spriggan defender barely misses you.
You block the spriggan defender's attack.
The spriggan rider puts on a burst of speed as it pursues you!
The spriggan defender hits you with a +1 quick blade of electrocution!!
* * * LOW HITPOINT WARNING * * *
The spriggan defender hits you with a +1 quick blade of electrocution!!
You die...

.# #.....# #.........####.#. .#
#.....# #.....T#T.....#.# .#
#.....# #......T......... .#
#.....# #......#...####.. .#
#.....+ #......#...#.....
.####.....#######......#...#.....
....)####.......#.#h......##.....
.....# #.......#i.'.S..'..#.....
.....# #.......@ii#...C#..#.....
.....# #.......####....####..?..
###### ######### ###### ######


You could see a spriggan defender (berserk, pursuing), a spriggan rider
(pursuing, ally target), a deep troll, a spriggan berserker (berserk,
regenerating, strong-willed), a deep troll earth mage, a polar bear (summoned,
berserk) and a friendly mana viper (summoned).

Vanquished Creatures
  A tentacled monstrosity (Depths:3)
  A hellephant (Depths:2)
  Jorgrun (Orc:1)
  2 deep elf blademasters (Elf:3)
  A sphinx (Vaults:4)
  A deep elf master archer (Elf:3)
  Polyphemus (Shoals:2)
  Kirke (Lair:5)
  Agnes (Elf:1)
  A storm dragon (Depths:3)
  2 tengu reavers (Vaults:4)
  Donald (Shoals:2)
  4 deep elf sorcerers
  2 fire giants (Depths:3)
  A frost giant (Depths:2)
  3 nagarajas
  5 vault wardens
  A balrug (Depths:1)
  2 deep elf elementalists (Elf:3)
  An orc warlord (Vaults:3)
  7 very ugly things
  6 ironbound preservers
  2 stone giants
  2 spriggan defenders
  2 formless jellyfish
  6 deep elf demonologists
  4 ironbound thunderhulks
  A vampire knight (Depths:3)
  5 dire elephants
  10 deep elf annihilators (Elf:3)
  A yellow draconian (Depths:4)
  4 deep elf death magi
  Josephine (Shoals:1)
  2 merfolk javelineers (Shoals:4)
  7 merfolk impalers
  2 ettins
  An entropy weaver (Vaults:1)
  4 fire dragons
  5 yaktaur captains
  3 great orbs of eyes
  4 vault guards
  A rakshasa (Depths:2)
  4 deep elf high priests
  A peacekeeper (Vaults:3)
  4 hydras
  2 catoblepae
  3 ice dragons
  2 alligator snapping turtles (Shoals:4)
  4 ironbound frosthearts
  6 centaur warriors
  6 anacondas
  An alligator (D:12)
  4 merfolk avatars
  4 two-headed ogres
  3 satyrs
  3 hell hogs
  3 boulder beetles
  2 merfolk aquamancers (Shoals:4)
  3 naga warriors
  4 dancing weapons
  A vampire mage (Depths:2)
  3 deep troll earth magi (Depths:2)
  4 deep troll shamans
  An orc high priest (Orc:2)
  7 death yaks
  A spriggan berserker (Depths:3)
  A titan zombie (D:15)
  6 naga sharpshooters
  3 tengu warriors
  2 shock serpents (Snake:4)
  5 hell knights (Depths:3)
  2 skysharks
  11 deep elf knights
  17 sea snakes
  6 skeletal warriors
  19 deep trolls
  A salamander mystic (Depths:1)
  A glowing orange brain (Depths:2)
  A flayed ghost (D:15)
  2 naga ritualists (Snake:2)
  6 wizards
  A tengu zombie (D:15)
  4 deep elf archers
  17 deep elf pyromancers
  22 harpies
  3 phantasmal warriors
  A golden dragon skeleton (Vaults:2)
  4 wolf spider zombies (D:15)
  2 lindwurms (Vaults:3)
  13 deep elf zephyrmancers
  7 necromancers
  6 orc knights
  5 mana vipers
  2 oklob plants
  A mana viper (shapeshifter) (Elf:1)
  21 manticores
  2 orc sorcerers
  5 ironbound convokers
  5 salamanders
  13 ugly things
  5 cyclopes
  A stone giant zombie (D:15)
  A fire giant zombie (Vaults:2)
  8 elephants
  10 fauns
  7 merfolk sirens
  2 guardian serpents (Snake:4)
  A human skeleton (Vaults:4)
  6 water nymphs
  An ice statue (IceCv)
  11 naga magi
  4 vault sentinels
  25 black mambas
  Maggie (Lair:2)
  A gargoyle (D:11)
  A torpor snail (Lair:4)
  10 cane toads
  7 komodo dragons
  3 rime drakes
  3 tengu conjurers
  2 kobold demonologists (D:12)
  An anaconda simulacrum (IceCv)
  2 komodo dragons (shapeshifter)
  An unseen horror (D:10)
  20 yaktaurs
  A guardian mummy (D:15)
  A redback zombie (D:15)
  2 meliai (D:13)
  11 ice devils (IceCv)
  A yaktaur skeleton (Vaults:4)
  22 merfolk
  7 trolls
  3 polar bears (Lair:5)
  5 wind drakes
  11 snapping turtles
  10 blink frogs
  Prince Ribbit (D:8)
  3 dream sheep (Shoals:4)
  An elf zombie (Vaults:2)
  Sigmund (D:6)
  19 slime creatures
  A human simulacrum (Vaults:2)
  2 shadows
  9 water elementals
  An air elemental (Elf:1)
  8 wraiths
  7 wyverns
  A dire elephant simulacrum (IceCv)
  11 basilisks
  A fire elemental (Elf:3)
  4 hogs (Lair:5)
  31 yaks
  5 fire bats
  A steam dragon (D:8)
  4 death yak simulacra (IceCv)
  A redback (Vaults:1)
  8 vampire mosquitoes
  Menkaure (D:7)
  Edmund (D:4)
  3 hydra simulacra (IceCv)
  26 nagas
  A warg (Orc:1)
  4 acid dragons
  14 water moccasins
  2 hell hounds (D:12)
  3 black bears
  13 orc warriors
  2 ice beasts (D:7)
  A sky beast (D:7)
  10 ogres
  A boggart (Vaults:3)
  4 centaurs
  11 wolves
  4 kobold brigands
  2 earth elementals
  15 bullfrogs
  18 nameless horrors
  2 cane toad simulacra (IceCv)
  3 gnoll sergeants
  13 scorpions
  4 wights (D:8)
  A hornet simulacrum (D:11)
  5 elephant simulacra (IceCv)
  11 killer bees
  2 vampire bats (Lair:1)
  A howler monkey (D:5)
  9 centaur zombies
  7 hounds
  4 jellies
  7 human zombies
  15 orc priests
  5 gnoll boudas
  3 iguanas
  2 hell rats (Lair:2)
  5 scorpion zombies (Ossuary)
  16 orc wizards
  2 yak simulacra (Lair:3)
  3 polar bear simulacra
  5 wolf simulacra
  3 mummies (Ossuary)
  19 gnolls
  A naga simulacrum (IceCv)
  16 river rats
  15 adders
  2 shadow imps
  5 white imps
  An ufetubus (D:5)
  A worm (D:9)
  2 dart slugs
  63 orcs
  14 bats
  9 endoplasms
  2 giant cockroaches (D:3)
  3 gnoll zombies (Ossuary)
  4 goblins
  8 hobgoblins
  8 jackals
  3 quokkas
  13 ball pythons
  11 frilled lizards
  A goblin zombie (Ossuary)
  4 hobgoblin zombies (Ossuary)
  23 kobolds
  A kobold zombie (Ossuary)
  An orc zombie (Ossuary)
  29 rats
  3 river rat simulacra (Lair:3)
1260 creatures vanquished.

Vanquished Creatures (collateral kills)
  Sojobo (Vaults:4)
  Bai Suzhen (Vaults:4)
  A caustic shrike (Depths:2)
  A bone dragon (Vaults:2)
  A hellephant (Depths:2)
  A walking crystal tome (Depths:4)
  Asterion (Snake:1)
  An eldritch tentacle (Vaults:4)
  A shadow dragon (Vaults:2)
  3 nagarajas (Snake:4)
  2 fire giants
  2 vault wardens
  A deep elf elementalist (Elf:3)
  A ghost moth (shapeshifter) (D:13)
  5 ironbound preservers
  A stone giant (Depths:1)
  2 deep elf demonologists
  3 very ugly things (Depths:1)
  A vampire knight (Depths:2)
  2 deep elf annihilators (Elf:3)
  3 dire elephants
  A minotaur (Gauntlet)
  A deep elf death mage (Elf:3)
  A fire dragon (Depths:2)
  2 ettins
  A yaktaur captain (Vaults:4)
  2 great orbs of eyes
  A rakshasa (Depths:2)
  A catoblepas (Lair:5)
  2 ice dragons
  A peacekeeper (Vaults:4)
  12 vault guards
  A hydra (Lair:5)
  A sphinx zombie (D:15)
  6 anacondas
  2 ogre magi
  A death knight (D:13)
  4 two-headed ogres (D:15)
  11 dancing weapons
  A centaur warrior (Vaults:3)
  An ironbound frostheart (Vaults:4)
  11 naga warriors
  3 hell hogs (Depths:2)
  6 deep troll shamans
  A tengu warrior (D:15)
  2 soul eaters
  2 vampire magi (Depths:2)
  8 naga sharpshooters
  A deep elf knight (Elf:2)
  A shock serpent (shapeshifter) (Snake:4)
  2 salamander mystics
  10 skeletal warriors
  5 iron trolls
  16 deep trolls
  A deep troll (shapeshifter) (D:14)
  9 deep elf archers
  3 wizards
  6 sea snakes (Snake:4)
  3 naga ritualists
  4 ironbound convokers
  An orc knight (Vaults:4)
  8 ugly things
  A necromancer (IceCv)
  2 wolf spider zombies (D:15)
  A wolf spider (shapeshifter) (Depths:2)
  A mana viper (Snake:4)
  A harpy (Lair:2)
  4 orc sorcerers (Orc:2)
  3 deep elf pyromancers
  8 salamanders
  2 cyclopes
  A manticore (D:13)
  An elephant (Lair:5)
  3 centaur zombies (D:15)
  Joseph (D:10)
  3 vault sentinels
  9 black mambas
  8 naga magi
  6 guardian serpents
  A smoke demon (Depths:1)
  A komodo dragon (Lair:5)
  2 unseen horrors (D:12)
  A freezing wraith (IceCv)
  6 yaktaurs
  6 ice devils
  A komodo dragon (shapeshifter) (Depths:4)
  An efreet (D:14)
  A merfolk (Shoals:1)
  A meliai zombie (D:15)
  2 raiju (Gauntlet)
  9 slime creatures
  A snapping turtle (Shoals:1)
  2 blink frogs (Lair:4)
  A shadow (D:15)
  A centaur simulacrum (D:14)
  A fire elemental (Elf:2)
  A wyvern (D:9)
  5 yaks
  A spriggan (shapeshifter) (Elf:3)
  An air elemental (Elf:1)
  A wraith (D:15)
  2 fire bats
  A basilisk (D:12)
  A death yak simulacrum (IceCv)
  2 vampire mosquitoes
  17 nagas
  A warg (Orc:1)
  2 acid dragons (Gauntlet)
  A water moccasin (Lair:2)
  4 orc warriors
  3 hornet zombies (D:15)
  An ogre (Orc:1)
  A centaur (D:8)
  4 wolves
  2 earth elementals (Elf:1)
  A nameless horror (Lair:5)
  A bullfrog (Lair:2)
  2 cane toad simulacra (IceCv)
  An elephant simulacrum (IceCv)
  A howler monkey (D:7)
  6 orc priests
  2 iguanas (D:12)
  A gnoll bouda (D:8)
  11 orc wizards
  A lightning spire (Gauntlet)
  2 polar bear simulacra (IceCv)
  A wolf simulacrum (IceCv)
  2 gnolls
  4 shadow imps (Gauntlet)
  2 white imps (IceCv)
  An ufetubus (IceCv)
  12 orcs
  3 kobolds (D:8)
  3 bats (D:12)
  A frilled lizard (D:12)
  8 ball lightnings
401 creatures vanquished.

Vanquished Creatures (others)
  56 eldritch tentacles
  An orc warlord (Vaults:4)
  A deep elf demonologist (Elf:3)
  5 vault guards
  A hydra (Lair:5)
  An alligator (D:12)
  A two-headed ogre (D:10)
  An ironbound frostheart (Vaults:4)
  A deep troll shaman (Lair:5)
  A tengu warrior (D:15)
  An orc high priest (Orc:2)
  A deep elf knight (Elf:3)
  A salamander mystic (Snake:3)
  A skeletal warrior (D:13)
  A deep troll (Vaults:4)
  A wizard (Vaults:4)
  3 orc knights
  A deep elf zephyrmancer (Elf:3)
  A deep elf pyromancer (Elf:2)
  2 harpies (Lair:2)
  An ugly thing (D:13)
  2 salamanders
  2 black mambas
  A guardian serpent (Snake:4)
  A cane toad (Lair:4)
  A komodo dragon (D:11)
  2 meliai (D:13)
  2 blink frogs
  A yak (Lair:1)
  A basilisk (Lair:2)
  A water elemental (Elf:3)
  5 nagas
  An orc warrior (Orc:2)
  An ogre (D:15)
  An orc priest (Orc:2)
  An orc wizard (D:10)
  An orc (Orc:1)
  780 ball lightnings
887 creatures vanquished.

Grand Total: 2548 creatures vanquished

Notes
Turn   | Place    | Note
-------+----------+-------------------------------------------
     0 | D:1      | freelancePsychic the Djinni Shapeshifter began the quest
                  | for the Orb.
     0 | D:1      | Reached XP level 1. HP: 17/17 MP: 0/0
     3 | D:1      | Noticed a spriggan
     7 | D:1      | Noticed a troll
     9 | D:1      | Noticed a tengu
    11 | D:1      | Noticed a felid
    13 | D:1      | Noticed a felid
    15 | D:1      | Noticed a draconian
    17 | D:1      | Noticed a ghoul
    17 | D:1      | Noticed a merfolk zombie
    17 | D:1      | Noticed an ogre
    19 | D:1      | Noticed a vampire
   138 | D:1      | Reached XP level 2. HP: 13/22 MP: 0/0
   232 | D:1      | Reached skill level 1 in Spellcasting
   232 | D:1      | Reached skill level 1 in Conjurations
   232 | D:1      | Reached skill level 1 in Hexes
   232 | D:1      | Reached skill level 1 in Summonings
   232 | D:1      | Reached skill level 1 in Necromancy
   232 | D:1      | Reached skill level 1 in Translocations
   232 | D:1      | Reached skill level 1 in Transmutations
   232 | D:1      | Reached skill level 1 in Fire Magic
   232 | D:1      | Reached skill level 1 in Ice Magic
   232 | D:1      | Reached skill level 1 in Air Magic
   232 | D:1      | Reached skill level 1 in Earth Magic
   232 | D:1      | Reached skill level 1 in Poison Magic
   289 | D:1      | Reached XP level 3. HP: 19/28 MP: 0/0
   289 | D:1      | Learned a level 1 spell: Kiss of Death
   477 | D:1      | Found a faded altar of an unknown god.
   586 | D:2      | Identified the +0 ring mail "Poanwily" {rN+ Int+3 SInv}
   763 | D:2      | Reached skill level 2 in Fighting
   994 | D:2      | Reached XP level 4. HP: 33/33 MP: 0/0
  1279 | D:3      | Found a burning altar of Makhleb.
  1284 | D:3      | Became a worshipper of Makhleb the Destroyer
  1316 | D:3      | Noticed an ogre
  1338 | D:3      | Killed an ogre
  1339 | D:3      | Reached skill level 1 in Invocations
  1339 | D:3      | Reached XP level 5. HP: 15/39 MP: 0/0
  1339 | D:3      | Learned a level 2 spell: Lesser Beckoning
  1491 | D:3      | Found a glowing drain.
  1497 | Sewer    | Entered a sewer
  1747 | Sewer    | Reached XP level 6. HP: 24/45 MP: 0/0
  1927 | Sewer    | Reached skill level 3 in Fighting
  1964 | Sewer    | Reached * piety under Makhleb
  2452 | D:3      | Reached ** piety under Makhleb
  2800 | D:3      | Reached XP level 7. HP: 39/41 MP: 0/0
  2800 | D:3      | Learned a level 2 spell: Wereblood
  3334 | D:4      | Noticed Edmund
  3338 | D:4      | Killed Edmund
  3698 | D:5      | Entered Level 5 of the Dungeon
  3781 | D:5      | Reached skill level 4 in Fighting
  3889 | D:5      | Reached *** piety under Makhleb
  3985 | D:5      | Reached skill level 1 in Short Blades
  3985 | D:5      | Reached XP level 8. HP: 41/58 MP: 0/0
  4161 | D:5      | Found Oczot's General Store.
  4176 | D:5      | Bought a potion of curing for 36 gold pieces
  4249 | D:5      | Found an iron altar of Okawaru.
  4649 | D:6      | Reached skill level 5 in Fighting
  4727 | D:5      | Reached skill level 5 in Invocations
  4727 | D:5      | Reached XP level 9. HP: 60/65 MP: 0/0
  4727 | D:5      | Learned a level 3 spell: Call Canine Familiar
  4732 | D:6      | You are sucked into a shaft and drop 2 floors!
  4828 | D:7      | Found a sand-covered staircase.
  4833 | Ossuary  | Entered an ossuary
  4872 | Ossuary  | Reached skill level 6 in Fighting
  4985 | Ossuary  | Reached **** piety under Makhleb
  5008 | Ossuary  | Reached skill level 5 in Short Blades
  5328 | D:7      | Reached XP level 10. HP: 31/72 MP: 0/0
  5669 | D:6      | Found a staircase to the Ecumenical Temple.
  5754 | D:6      | Reached ***** piety under Makhleb
  5820 | D:6      | Reached skill level 1 in Shields
  6056 | D:6      | Noticed Sigmund
  6070 | D:6      | Killed Sigmund
  6265 | D:7      | Noticed Menkaure
  6334 | D:7      | Killed Menkaure
  6604 | D:7      | Reached skill level 7 in Fighting
  6913 | D:8      | Found a staircase to the Lair.
  6987 | D:8      | Noticed Prince Ribbit
  7002 | D:8      | Killed Prince Ribbit
  7019 | D:8      | Found a basalt altar of Yredelemnul.
  7547 | D:8      | Reached XP level 11. HP: 66/79 MP: 0/0
  7547 | D:8      | Learned a level 4 spell: Anguish
  7602 | D:8      | Noticed a two-headed ogre
  7619 | D:8      | Reached skill level 5 in Spellcasting
  7619 | D:8      | Reached skill level 5 in Conjurations
  7619 | D:8      | Reached skill level 5 in Hexes
  7619 | D:8      | Reached skill level 5 in Summonings
  7619 | D:8      | Reached skill level 5 in Necromancy
  7619 | D:8      | Reached skill level 5 in Translocations
  7619 | D:8      | Reached skill level 5 in Transmutations
  7619 | D:8      | Reached skill level 5 in Fire Magic
  7619 | D:8      | Reached skill level 5 in Ice Magic
  7619 | D:8      | Reached skill level 5 in Air Magic
  7619 | D:8      | Reached skill level 5 in Earth Magic
  7619 | D:8      | Reached skill level 5 in Poison Magic
  7665 | D:8      | Killed a two-headed ogre
  7666 | D:8      | Reached skill level 8 in Fighting
  7692 | D:8      | Noticed a two-headed ogre
  7702 | D:8      | Killed a two-headed ogre
  7838 | D:9      | Found Guesukk's Weapon Shoppe.
  7930 | D:9      | Found a glowing golden altar of the Shining One.
  8023 | D:9      | Found Tag Wurr's Armour Boutique.
  8073 | D:9      | Found a staircase to the Orcish Mines.
  8122 | D:9      | Noticed a moth of wrath
  8127 | D:9      | Found a bloodstained altar of Trog.
  8472 | D:10     | Entered Level 10 of the Dungeon
  8486 | D:10     | Identified a scroll of acquirement
  8486 | D:10     | Acquired the ring of Huaseir {Will+ rCorr AC+4}
  8554 | D:10     | Found a hide-covered altar of Uskayaw.
  8673 | D:10     | Noticed a cyclops
  8683 | D:10     | Killed a cyclops
  8801 | D:10     | Reached skill level 9 in Fighting
  8912 | D:10     | Reached skill level 5 in Shields
  9015 | D:10     | Noticed a two-headed ogre
  9025 | D:10     | Reached XP level 12. HP: 58/89 MP: 0/0
  9036 | D:10     | Killed a two-headed ogre
  9115 | D:10     | Noticed Joseph
  9130 | D:10     | Killed Joseph
  9683 | D:11     | Reached skill level 10 in Short Blades
 10016 | D:12     | Reached skill level 10 in Fighting
 10024 | D:12     | Noticed a sixfirhy
 10318 | D:12     | Noticed a two-headed ogre
 10331 | D:12     | Killed a two-headed ogre
 10442 | D:12     | Reached ****** piety under Makhleb
 10505 | D:12     | Noticed an alligator
 10619 | D:12     | Found Dong's Magic Scroll Boutique.
 10623 | D:12     | Bought a scroll of teleportation for 36 gold pieces
 10827 | D:12     | Reached XP level 13. HP: 97/97 MP: 0/0
 10827 | D:12     | Learned a level 5 spell: Summon Mana Viper
 11104 | D:12     | Killed an alligator
 11105 | D:12     | Reached skill level 11 in Fighting
 11147 | D:12     | Noticed an alligator
 11151 | D:12     | Killed an alligator
 11347 | D:9      | Bought the +2 shield of Resistance {rF++ rC++ Will++} for
                  | 987 gold pieces
 11347 | D:9      | Found the +2 shield of Resistance {rF++ rC++ Will++}
 11423 | Lair:1   | Entered Level 1 of the Lair of Beasts
 11472 | Lair:1   | Found a transporter.
 11906 | Lair:1   | Found a transporter.
 12469 | Lair:2   | Found a staircase to the Snake Pit.
 12508 | Lair:2   | Found a staircase to the Shoals.
 12754 | Lair:2   | Noticed Maggie
 12770 | Lair:2   | Killed Maggie
 13412 | Lair:3   | Reached XP level 14. HP: 106/106 MP: 0/0
 13537 | Lair:3   | Reached skill level 10 in Shields
 13854 | Lair:3   | Reached skill level 12 in Fighting
 14092 | Lair:4   | Found a gate leading to a gauntlet.
 14101 | Gauntlet | Entered a Gauntlet
 14101 | Gauntlet | Found a transporter.
 14101 | Gauntlet | Found a transporter.
 14105 | Gauntlet | Found a transporter.
 14105 | Gauntlet | Found a transporter.
 14115 | Gauntlet | Found a transporter.
 14136 | Gauntlet | Found a transporter.
 14144 | Gauntlet | Found a transporter.
 14144 | Gauntlet | Found a transporter.
 14148 | Gauntlet | Found a transporter.
 14154 | Gauntlet | Noticed a reaper
 14175 | Gauntlet | Found a transporter.
 14182 | Gauntlet | Found a transporter.
 14200 | Gauntlet | Found a transporter.
 14246 | Gauntlet | Found a transporter.
 14260 | Gauntlet | Found a transporter.
 14362 | Gauntlet | Found a transporter.
 14387 | Gauntlet | Found a transporter.
 14633 | Gauntlet | Identified the +4 helmet of Udoog {Drain rElec Regen+
                  | Str+6}
 14674 | Gauntlet | Identified the +6 executioner's axe of Zaosa {heavy, Str+7}
 14674 | Gauntlet | Identified the ring of Taleuk {rCorr Int+3}
 14674 | Gauntlet | Noticed a minotaur
 14683 | Gauntlet | Killed a minotaur
 15138 | Lair:4   | Found a runed translucent door.
 15138 | Lair:4   | Found a viscous altar of Jiyva.
 15139 | Lair:4   | Noticed an azure jelly
 15145 | Lair:4   | Found a staircase to the Slime Pits.
 15145 | Lair:4   | Noticed an azure jelly
 15145 | Lair:4   | Noticed an azure jelly
 15162 | Lair:4   | Reached skill level 10 in Spellcasting
 15162 | Lair:4   | Reached skill level 10 in Conjurations
 15162 | Lair:4   | Reached skill level 10 in Hexes
 15162 | Lair:4   | Reached skill level 10 in Summonings
 15162 | Lair:4   | Reached skill level 10 in Necromancy
 15162 | Lair:4   | Reached skill level 10 in Translocations
 15162 | Lair:4   | Reached skill level 10 in Transmutations
 15162 | Lair:4   | Reached skill level 10 in Fire Magic
 15162 | Lair:4   | Reached skill level 10 in Ice Magic
 15162 | Lair:4   | Reached skill level 10 in Air Magic
 15162 | Lair:4   | Reached skill level 10 in Earth Magic
 15162 | Lair:4   | Reached skill level 10 in Poison Magic
 15810 | Lair:5   | Entered Level 5 of the Lair of Beasts
 16241 | Lair:5   | Reached skill level 1 in Stealth
 16448 | Lair:5   | Reached XP level 15. HP: 113/113 MP: 0/0
 16448 | Lair:5   | Learned a level 6 spell: Summon Cactus Giant
 16522 | Lair:5   | Noticed Kirke
 16544 | Lair:5   | Killed Kirke
 16545 | Lair:5   | Reached skill level 13 in Fighting
 17086 | Lair:5   | Found the +6 lightning scales {swift, rElec}
 17095 | Lair:5   | Identified the +5 chain mail "Inkeeth" {Will+}
 18002 | D:13     | Found a runed translucent door.
 18030 | D:13     | Found a gate to the Vaults.
 18092 | D:13     | Found the +2 pair of slick slippers {slick, slippery, EV+4}
 18178 | D:13     | Identified the +7 chain mail of Valour {-Cast Will+++ rCorr
                  | SInv}
 18530 | D:13     | Killed a ghost moth
 18531 | D:13     | Reached skill level 5 in Stealth
 18934 | D:14     | Reached XP level 16. HP: 96/122 MP: 0/0
 19434 | D:15     | Entered Level 15 of the Dungeon
 19502 | D:14     | Reached skill level 14 in Fighting
 19731 | D:15     | Found a staircase to the Depths.
 19798 | D:15     | HP: 5/123 [tengu reaver zombie (2)]
 19798 | D:15     | HP: 2/123 [tengu reaver zombie (3)]
 20043 | D:15     | Reached skill level 5 in Dodging
 20785 | D:15     | Found a sparkling altar of Nemelex Xobeh.
 20940 | Orc:1    | Entered Level 1 of the Orcish Mines
 20970 | Orc:1    | Noticed Jorgrun
 20989 | Orc:1    | Killed Jorgrun
 20990 | Orc:1    | Reached XP level 17. HP: 59/130 MP: 0/0
 20990 | Orc:1    | Learned a level 7 spell: Malign Gateway
 20990 | Orc:1    | Found a frozen archway.
 21244 | IceCv    | Entered an ice cave
 21661 | IceCv    | Identified the ring of Quut {rF+ rC++ rN+}
 21945 | Orc:2    | Entered Level 2 of the Orcish Mines
 21977 | Orc:2    | Found Ciph's Assorted Antiques.
 22115 | Orc:2    | Bought a scorched iron ring for 130 gold pieces
 22115 | Orc:2    | Identified the ring "Unot" {rN++ rCorr AC+4 Str+3 Dex-3}
                  | (You bought it in a shop on level 2 of the Orcish Mines)
 22125 | Orc:2    | Found Osonep's Weapon Shoppe.
 22142 | Orc:2    | Found a staircase to the Elven Halls.
 22260 | Orc:2    | Found Onynaythrynou's Armour Shoppe.
 22260 | Orc:2    | Found Yhotain's Distillery.
 22277 | Orc:2    | Found Pujisilenu's Book Emporium.
 22280 | Orc:2    | Found Heaf's Weapon Emporium.
 22292 | Orc:2    | Bought a potion of heal wounds for 75 gold pieces
 22292 | Orc:2    | Bought a potion of heal wounds for 75 gold pieces
 22292 | Orc:2    | Bought a potion of enlightenment for 75 gold pieces
 22868 | Snake:1  | Entered Level 1 of the Snake Pit
 23211 | Snake:1  | Noticed Asterion
 23223 | Snake:1  | Killed Asterion
 23961 | Snake:2  | Reached skill level 15 in Spellcasting
 23961 | Snake:2  | Reached skill level 15 in Conjurations
 23961 | Snake:2  | Reached skill level 15 in Hexes
 23961 | Snake:2  | Reached skill level 15 in Summonings
 23961 | Snake:2  | Reached skill level 15 in Necromancy
 23961 | Snake:2  | Reached skill level 15 in Translocations
 23961 | Snake:2  | Reached skill level 15 in Transmutations
 23961 | Snake:2  | Reached skill level 15 in Fire Magic
 23961 | Snake:2  | Reached skill level 15 in Ice Magic
 23961 | Snake:2  | Reached skill level 15 in Air Magic
 23961 | Snake:2  | Reached skill level 15 in Earth Magic
 23961 | Snake:2  | Reached skill level 15 in Poison Magic
 24442 | Snake:2  | Reached XP level 18. HP: 136/136 MP: 0/0
 26304 | Snake:4  | Entered Level 4 of the Snake Pit
 26869 | Snake:4  | Found Qeroic Tuca's Assorted Antiques.
 26869 | Snake:4  | Found Rilel Dumn's Assorted Antiques.
 26877 | Snake:4  | Bought a scroll of teleportation for 81 gold pieces
 26885 | Snake:4  | Bought a scroll of fear for 192 gold pieces
 26885 | Snake:4  | Bought a potion of curing for 144 gold pieces
 26975 | Snake:4  | Reached skill level 15 in Fighting
 27117 | Snake:4  | Reached XP level 19. HP: 104/143 MP: 0/0
 27117 | Snake:4  | Learned a level 6 spell: Conjure Ball Lightning
 27182 | Snake:4  | Got a serpentine rune of Zot
 27452 | Shoals:1 | Entered Level 1 of the Shoals
 27522 | Shoals:1 | Noticed Josephine
 27525 | Shoals:1 | Killed Josephine
 28160 | Shoals:2 | Noticed Donald
 28168 | Shoals:2 | Killed Donald
 28654 | Shoals:2 | Noticed Polyphemus
 28662 | Shoals:2 | Killed Polyphemus
 28878 | Shoals:2 | Reached skill level 16 in Fighting
 28960 | Shoals:3 | Found a flickering gateway to a bazaar.
 28973 | Bazaar   | Entered a bazaar
 28973 | Bazaar   | Found Puydaut's General Store.
 28973 | Bazaar   | Found Tinevven's Jewellery Shoppe.
 28973 | Bazaar   | Found Qeileob's Distillery.
 28973 | Bazaar   | Found Qixtohocag's Magic Scroll Emporium.
 28983 | Bazaar   | Bought a scroll of enchant weapon for 97 gold pieces
 28983 | Bazaar   | Bought a scroll of revelation for 97 gold pieces
 28983 | Bazaar   | Bought a scroll of immolation for 52 gold pieces
 28983 | Bazaar   | Bought a scroll of poison for 52 gold pieces
 28990 | Bazaar   | Bought a scroll of enchant weapon for 82 gold pieces
 28992 | Bazaar   | Bought a potion of heal wounds for 65 gold pieces
 28992 | Bazaar   | Bought a potion of heal wounds for 65 gold pieces
 29228 | Shoals:3 | Found Haoheoj's Self-Improvement Boutique.
 29602 | Shoals:4 | Entered Level 4 of the Shoals
 29883 | Shoals:4 | Reached XP level 20. HP: 129/153 MP: 0/0
 30302 | Shoals:4 | Got a barnacled rune of Zot
 30842 | Elf:1    | Entered Level 1 of the Elven Halls
 30949 | Elf:1    | Paralysed by an air elemental for 1 turns
 30951 | Elf:1    | Paralysed by an air elemental for 1 turns
 30955 | Elf:1    | Paralysed by an air elemental for 1 turns
 31203 | Elf:1    | Noticed Agnes
 31208 | Elf:1    | Killed Agnes
 31320 | Elf:1    | Identified the +5 long sword of the Telling Gods {venom,
                  | rF+ Stlth+}
 31436 | Elf:1    | Reached skill level 17 in Fighting
 31443 | Elf:1    | Reached skill level 10 in Dodging
 31446 | Elf:1    | Paralysed by an air elemental for 1 turns
 31648 | Elf:1    | Identified the +0 robe of Spite {Harm Rampage *Slow rCorr}
 31911 | Elf:2    | Found a runed translucent gate.
 31912 | Elf:2    | Found a runed translucent gate.
 31912 | Elf:2    | Found a runed translucent gate.
 32212 | Elf:3    | Entered Level 3 of the Elven Halls
 32225 | Elf:3    | Noticed a Hell Sentinel
 32309 | Elf:3    | Noticed a Hell Sentinel
 32365 | Elf:3    | Reached XP level 21. HP: 129/161 MP: 0/0
 32365 | Elf:3    | Learned a level 7 spell: Spellforged Servitor
 32656 | Elf:3    | Reached skill level 18 in Fighting
 32683 | Elf:3    | Identified the amulet "Zofric" {Faith Rampage rCorr Dex-2}
 32758 | Elf:3    | Identified the +0 plate armour of Entitlement {-Cast Str+5
                  | SInv}
 32760 | Elf:3    | Identified the +12 plate armour "Icwufumo" {*Corrode rN+
                  | Dex+5}
 32765 | Elf:3    | Identified the staff of Writhing Infinite Pain {rF+ Will+
                  | Str+3 Fire}
 32836 | Elf:3    | Identified the +2 quarterstaff of Circular Logic {flame,
                  | Fragile rN+ Str+8 SInv}
 32922 | Elf:3    | Found Kebimmin's Distillery.
 32926 | Elf:3    | Bought a potion of curing for 48 gold pieces
 32926 | Elf:3    | Bought a potion of curing for 48 gold pieces
 32926 | Elf:3    | Bought a potion of might for 64 gold pieces
 34126 | Vaults:1 | Entered Level 1 of the Vaults
 34142 | Vaults:1 | Reached skill level 1 in Long Blades
 34579 | Shoals:3 | Bought a manual of Armour for 1360 gold pieces
 34988 | Vaults:1 | Reached skill level 1 in Armour
 35739 | Vaults:2 | Found Neuruc Uqus's Magic Scroll Shoppe.
 35744 | Vaults:2 | Bought a scroll of teleportation for 66 gold pieces
 35789 | Vaults:2 | Noticed a bone dragon
 35791 | Vaults:2 | Found a staircase to the Crypt.
 35798 | Vaults:2 | Killed a bone dragon
 36251 | Vaults:2 | Reached skill level 5 in Armour
 36480 | Vaults:2 | Reached XP level 22. HP: 123/170 MP: 0/0
 37205 | Vaults:3 | Reached skill level 5 in Long Blades
 37455 | Vaults:3 | Found Rinasef's Armour Boutique.
 37458 | Vaults:3 | Bought a +1 pair of gloves of strength for 346 gold pieces
 37671 | Vaults:3 | You are sucked into a shaft and drop 1 floor!
 38013 | Vaults:4 | Noticed Bai Suzhen
 38014 | Vaults:4 | Noticed Sojobo
 38170 | Vaults:4 | Reached skill level 19 in Fighting
 38291 | Vaults:4 | Killed Sojobo
 38451 | Vaults:4 | Reached skill level 10 in Armour
 38459 | Vaults:4 | Killed Bai Suzhen
 39323 | Vaults:4 | Identified the +4 ring mail "Waasod Goak" {Contam +Blink
                  | rF+}
 39381 | Vaults:4 | Reached XP level 23. HP: 178/178 MP: 0/0
 39381 | Vaults:4 | Learned a level 8 spell: Infestation
 39473 | Vaults:5 | Entered Level 5 of the Vaults
 39739 | Depths:1 | Entered Level 1 of the Depths
 39893 | Depths:1 | Found a broken altar of Ashenzari.
 39935 | Depths:1 | Found Omucsen's Antique Armour Shop.
 39980 | Depths:1 | Found a corrupted altar of Lugonu.
 39980 | Depths:1 | Found a one-way gate to the infinite horrors of the Abyss.
 40140 | Depths:1 | Found a gateway to Hell.
 40760 | Depths:2 | Found a one-way gate leading to the halls of Pandemonium.
 41041 | Depths:2 | Reached skill level 20 in Fighting
 41532 | Depths:2 | Noticed a caustic shrike
 41539 | Depths:2 | Gained mutation: You do not regenerate when monsters are
                  | visible. [a shining eye]
 41540 | Depths:2 | Gained mutation: Your mind is acute. (Int +4, Str/Dex -1)
                  | [a shining eye]
 41549 | Depths:2 | Lost mutation: You do not regenerate when monsters are
                  | visible. [potion of mutation]
 41549 | Depths:2 | Lost mutation: Your mind is acute. (Int +4, Str/Dex -1)
                  | [potion of mutation]
 41549 | Depths:2 | Gained mutation: You expend health (3 HP) to strengthen
                  | your wands. [potion of mutation]
 41600 | Depths:2 | Killed a caustic shrike
 41668 | Depths:2 | Identified the +0 scale mail "Qisal" {rC+ Regen+ Dex+3}
 41794 | Depths:3 | Found a one-way gateway to a ziggurat.
 42591 | Depths:4 | Entered Level 4 of the Depths
 42816 | Depths:4 | Found Dohizxun's Jewellery Emporium.
 42816 | Depths:4 | Found Oryumpeekhirr's Book Shop.
 42817 | Depths:4 | Found Hutz's Jewellery Emporium.
 42826 | Depths:4 | Bought a manual of Necromancy for 1360 gold pieces
 43019 | Depths:4 | Reached XP level 24. HP: 187/187 MP: 0/0
 43218 | Depths:4 | HP: 2/187 [spriggan defender/+1 quick blade of
                  | electrocution (20)]
 43218 | Depths:4 | Demolished by a spriggan defender

Illustrated notes

Levels and vault maps discovered:
D:1:      shiori_arrival_whats_in_store_for_you, layout_rooms,
          hellmonk_ecumenical_altar_blasted, minmay_distorted
D:2:      layout_loops_ring
D:3:      layout_basic, bloody_makhleb, portal_sewer_entry_e
D:4:      cheibrodos_quashed, layout_loops_ring, uniq_edmund
D:5:      layout_basic, general_overflow_altar, serial_shops, shop_fountains
D:6:      layout_basic, minmay_temple_entry_butterflies, grunt_ministairs_6,
          uniq_sigmund
D:7:      layout_loops_cross, enter_ossuary_5, kennysheep_generic_room_14,
          uniq_menkaure
D:8:      minmay_polygon_palace, layout_basic, kiku_gazebo_garden_becter,
          mainiacjoe_overflow_catwalk, lair_entry_dummy, uniq_prince_ribbit1
D:9:      layout_roguey, tgw_trog, old_standard_altar, orc_0_dummy,
          serial_shops, nicolae_shop_just_a_little_nook, shop
D:10:     layout_grid_maze, old_standard_altar, hex_large, uniq_joseph
D:11:     layout_roguey
D:12:     layout_roguey, serial_shops, nicolae_shop_back_alley_shop,
          hangedman_parallel_progression
D:13:     minmay_the_grid_triangle_9x9_rhombus_thin
          [minmay_the_grid_triangle_9x9_odd_lines,
          minmay_the_grid_triangle_9x9_prize_top_heavy,
          minmay_the_grid_triangle_9x9_cache,
          minmay_the_grid_triangle_9x9_swiss_cheese], layout_long_grid,
          erik_vaults_2, nicolae_guarded_unrand_slippers
D:14:     layout_roguey, grunt_decor_fettered
D:15:     gammafunk_depths_entry_grave, layout_long_grid,
          nemelex_spade_bored_becter, serial_undead, serial_undead_a,
          serial_undead_a, serial_undead_e, serial_undead_d, serial_undead_f,
          serial_undead_a, serial_undead_a, minmay_misc_feat_doors
Lair:1:   gammafunk_cloud_chamber, layout_regular_city, roderic_batcave,
          serial_bayou_shore_a
Lair:2:   layout_small_grid, nicolae_shoals_entry_roost,
          guppyfry_snake_entry_island, kennysheep_rathole, serial_bayou_shore_b,
          grunt_megastairs_2, uniq_maggie
Lair:3:   layout_regular_city, eino_house_with_fridge
Lair:4:   layout_layer_cave, slime_entry_2, gauntlet_entry_generic
Lair:5:   grunt_lair_end_beastmaster, layout_layer_cave,
          kennysheep_basilisk_garden, uniq_kirke
Shoals:1: layout_shoals, uniq_josephine
Shoals:2: layout_shoals, uniq_donald, uniq_louise, uniq_polyphemus
Shoals:3: layout_shoals, serial_shops, bzr_entry_gold, nicolae_shop_self_help
Shoals:4: shoals_end_hangedman, layout_shoals
Snake:1:  layout_basic, serial_bayou_shore_b, uniq_asterion
Snake:2:  layout_layer_cave
Snake:3:  layout_grid_maze, lemuel_fruit_tree
Snake:4:  grunt_snake_rune_pools, layout_cave_shapes, minmay_shoptagon
Orc:1:    layout_caves, portal_ice_cave_demonic_guard, uniq_jorgrun
Orc:2:    st_orc_mages, layout_caves, serial_shops,
          nicolae_shop_temple_entry_statues_fountains, nicolae_shop_peninsula,
          lightli_orcish_oven
Elf:1:    eino_elf_arrival_sip, layout_geoelf_diagonals, orc_legates, uniq_agnes
Elf:2:    nicolae_elf_blades_crystal_corner, layout_rooms
Elf:3:    minmay_elf_hall_x, layout_rooms, serial_sigils_hangedman_gut,
          minmay_shop_star
Vaults:1: vaults_room_pools, nicolae_vaults_layer_cake_slice,
          nicolae_vaults_trapezoid_2, nicolae_vaults_shipping_containers_7,
          hangedman_vaults_nails, nicolae_vaults_double_plus_1,
          nicolae_vaults_double_plus_3, vaults_standard_mumra_enter_the_diamond,
          hangedman_vaults_stagger, nicolae_vaults_house_1,
          nicolae_vaults_offset_grid_hallway_1, nicolae_vaults_what_the_h,
          nicolae_vaults_oval_intersection, layout_vaults_omnibox, serial_glass
Vaults:2: minmay_crypt_entry_nasty_monster, nicolae_vaults_mini_display_case,
          v_misc_30, st_hourglassy, nicolae_vaults_little_squares_3,
          layout_vaults_quadrants, serial_shops, nicolae_shop_rolling_square
Vaults:3: nicolae_vaults_disjoint_gnomons, dpeg_vaults_monster_box, v_misc_26,
          nicolae_vaults_mitosis, ontoclasm_vaults_hangar,
          nicolae_vaults_little_squares_3, ontoclasm_vaults_loading_screen,
          layout_vaults_omnicross, serial_shops, nicolae_shop_hallway_stairs
Vaults:4: nicolae_vaults_network_square, nicolae_vaults_more_shelving_2,
          v_rooms_3, grunt_vaults_trifunnel, v_misc_33, v_alt_pattern_1,
          v_misc_32, nicolae_vaults_little_ls, nicolae_vaults_double_plus_1,
          vaults_dpeg_ring, layout_vaults_maze_snakey, uniq_sojobo,
          uniq_bai_suzhen
Vaults:5
Depths:1: layout_cave_shapes, chequers_serial_rivers_small_b, hellmouth_1,
          serial_shops, nicolae_shop_stone, abyss_entry_flame_altar,
          hangedman_abyss_or_decor_stabs, st_stairs_9, grunt_decor_cap,
          evilmike_ruin_ashenzari, serial_bayou_shore_b
Depths:2: kennysheep_ambush_hall, layout_gridlike, pan_entry, grunt_hell_horde,
          kennysheep_nondecorative_pillar
Depths:3: minmay_distorted_concentric_squares, layout_basic, ziggurat_fallback,
          hangedman_tar_grid_catacomb, minmay_misc_feat_plants,
          nicolae_abyss_entry_one_way_or_another, infiniplex_staircase_pool_2
Depths:4: grunt_zot_entry_pinwheel, layout_gridville, serial_shops,
          nicolae_shop_rolling_square, pf_coc_iceberg, minmay_misc_feat_tower,
          hangedman_abyss_entry_splay, minmay_shop_grove

Skill      XL: |  1  2  3  4  5  6  7  8  9 10 11 12 13 14 15 16 17 18 19 20 21 22 23 |
---------------+----------------------------------------------------------------------+-----
Spellcasting   | 1 2 3 4 6 7 9 10 12 13 15 16 17 18 19 | 19.6
Conjurations   | 1 2 3 4 6 7 9 10 12 13 15 16 17 18 19 | 19.6
Hexes          | 1 2 3 4 6 7 9 10 12 13 15 16 17 18 19 | 19.6
Summonings     | 1 2 3 4 6 7 9 10 12 13 15 16 17 18 19 | 19.6
Necromancy     | 1 2 3 4 6 7 9 10 12 13 15 16 17 18 19 | 19.7
Translocations | 1 2 3 4 6 7 9 10 12 13 15 16 17 18 19 | 19.6
Transmutations | 1 2 3 4 6 7 9 10 12 13 15 16 17 18 19 | 19.6
Fire Magic     | 1 2 3 4 6 7 9 10 12 13 15 16 17 18 19 | 19.6
Ice Magic      | 1 2 3 4 6 7 9 10 12 13 15 16 17 18 19 | 19.6
Air Magic      | 1 2 3 4 6 7 9 10 12 13 15 16 17 18 19 | 19.6
Earth Magic    | 1 2 3 4 6 7 9 10 12 13 15 16 17 18 19 | 19.6
Poison Magic   | 1 2 3 4 6 7 9 10 12 13 15 16 17 18 19 | 19.6
Fighting       | 2 3 4 5 6 7 9 10 11 12 13 14 15 16 17 18 19 20 | 20.0
Invocations    | 1 2 3 5 6 |  6.0
Short Blades   | 1 3 6 8 9 10 | 10.0
Dodging        | 3 6 8 11 12 | 12.2
Shields        | 3 5 7 9 11 12 13 14 | 14.0
Stealth        | 1 5 |  5.1
Long Blades    | 4 5 8 |  8.2
Armour         | 5 10 12 | 12.1
Unarmed Combat | |  3.0
Shapeshifting  | |  2.6

Action                     |  1- 3 |  4- 6 |  7- 9 | 10-12 | 13-15 | 16-18 | 19-21 | 22-24 || total
---------------------------+-------+-------+-------+-------+-------+-------+-------+-------++-------
  Melee: Unarmed           |    77 |   262 |       |       |       |       |       |       ||   339
         Punch             |     2 |     1 |     5 |       |       |       |       |       ||     8
         Rapier            |       |       |   254 |   580 |  1115 |  1371 |   300 |       ||  3620
         Flail             |       |       |     2 |       |       |       |       |       ||     2
         Katana            |       |       |       |       |       |       |   326 |  1273 ||  1599
   Cast: Kiss of Death     |       |     2 |       |       |       |       |       |       ||     2
         Wereblood         |       |       |     9 |    19 |     9 |     5 |     1 |     2 ||    45
         Call Canine Famil |       |       |     2 |    26 |     5 |     1 |       |       ||    34
         Anguish           |       |       |       |    11 |    49 |    31 |     5 |     6 ||   102
         Summon Mana Viper |       |       |       |       |    49 |    36 |    10 |     9 ||   104
         Summon Cactus Gia |       |       |       |       |    19 |    60 |    16 |    10 ||   105
         Malign Gateway    |       |       |       |       |       |    23 |    15 |    19 ||    57
         Conjure Ball Ligh |       |       |       |       |       |       |   313 |    11 ||   324
         Infestation       |       |       |       |       |       |       |       |    22 ||    22
 Invoke: Minor Destruction |       |    23 |   105 |   125 |    13 |       |       |       ||   266
         Lesser Servant of |       |       |       |     4 |     2 |     2 |       |       ||     8
Ability: Begin Untransform |       |       |     1 |       |       |       |       |       ||     1
  Evoke: Wand              |       |       |       |     1 |       |     2 |       |       ||     3
    Use: Scroll            |     3 |     1 |    16 |     6 |    15 |    12 |     4 |    13 ||    70
         Potion            |       |     5 |       |       |     1 |       |     2 |     6 ||    14
   Stab: Distracted        |       |       |       |     3 |       |     6 |       |     6 ||    15
         Petrified         |       |       |       |       |    14 |       |       |       ||    14
         Petrifying        |       |       |       |       |     2 |       |       |       ||     2
         Sleeping          |       |       |       |       |       |     7 |     5 |     4 ||    16
 Armour: Animal skin       |    12 |       |       |       |       |       |       |       ||    12
         Ring mail         |    10 |   111 |   116 |   165 |       |       |       |       ||   402
         Skin              |       |     1 |       |       |       |       |       |       ||     1
         Troll leather arm |       |       |       |       |   362 |   393 |   185 |   344 ||  1284
  Dodge: Dodged            |    48 |   199 |   278 |   436 |   667 |   806 |   443 |   804 ||  3681
  Block: Buckler           |       |       |       |   148 |    23 |       |       |       ||   171
         Kite shield       |       |       |       |       |   777 |  1141 |   491 |   850 ||  3259

Table legend: (Time is in decaauts)
 A = Elapsed time spent in this place.
 B = Non-inter-level travel time spent in this place.
 C = Inter-level travel time spent in this place.
 D = Time resting spent in this place.
 E = Time spent auto-exploring this place.
 F = Levels seen in this place.
 G = Mean time per level.
                   A        B        C        D        E       F      G
               +--------+--------+--------+--------+--------+-----+--------+
         Total |  42414 |  38673 |   3741 |    581 |  26705 |  47 |  902.4 |
       Dungeon |  14300 |  12626 |   1674 |    289 |   8872 |  15 |  953.3 |
          Lair |   5351 |   4783 |    568 |     32 |   3615 |   5 | 1070.2 |
        Shoals |   3327 |   3002 |    325 |     65 |   1926 |   4 |  831.8 |
     Snake Pit |   4733 |   4119 |    614 |     21 |   2791 |   4 | 1183.2 |
  Orcish Mines |   1308 |   1225 |     83 |      0 |    823 |   2 |  654.0 |
   Elven Halls |   2660 |   2505 |    155 |    169 |   1451 |   3 |  886.7 |
        Vaults |   4839 |   4586 |    253 |      0 |   3223 |   5 |  967.8 |
        Depths |   3384 |   3319 |     65 |      5 |   2548 |   4 |  846.0 |
        Bazaar |     27 |     27 |      0 |      0 |     18 |   1 |   27.0 |
         Sewer |    922 |    922 |      0 |      0 |    636 |   1 |  922.0 |
       Ossuary |    361 |    361 |      0 |      0 |    116 |   1 |  361.0 |
      Ice Cave |    506 |    506 |      0 |      0 |    221 |   1 |  506.0 |
      Gauntlet |    689 |    689 |      0 |      0 |    464 |   1 |  689.0 |
               +--------+--------+--------+--------+--------+-----+--------+

Top non-repeatable levels by time:
    D:13: 1572 daAuts
 Snake:2: 1463 daAuts
 Snake:3: 1459 daAuts
Vaults:4: 1454 daAuts
    D:12: 1381 daAuts
  Lair:5: 1281 daAuts
Vaults:2: 1251 daAuts
     D:8: 1228 daAuts
    D:15: 1211 daAuts
Depths:2: 1186 daAuts
  Lair:4: 1165 daAuts
  Lair:2: 1085 daAuts
Vaults:3: 1083 daAuts
   Elf:3: 1063 daAuts
Shoals:4: 1060 daAuts
